[ AOE2 MATCH · #506476937 ]
UnrankedChinese vs Maya
Player's team · LOSS
Rival team · WIN
[ REPLAY ANALYSIS · EXTRACTED FROM THE RECORDED GAME ]
Feudal
8:26
Castle
26:31
Imperial
34:16
| APM avg | 68.5 |
| APM peak | 113 |
| eAPM avg | 27.4 |
| Villagers / military | 173 / 254 |
Focus
⚔️ 41.8% · 🌾 58.2%
Skirmisher ×123 · Chu Ko Nu ×101 · Scout Cavalry ×19 · Trebuchet (Packed) ×9 · Monk ×2
Feudal
10:57
Castle
15:15
Imperial
34:08
| APM avg | 48.7 |
| APM peak | 103 |
| eAPM avg | 24.7 |
| Villagers / military | 163 / 237 |
Focus
⚔️ 41.5% · 🌾 58.5%
Eagle Scout ×145 · Plumed Archer ×54 · Spearman ×26 · Trebuchet (Packed) ×10 · Monk ×2
Match map
Initial resources + every placement click. Lines = walls · curves = elevation contours. ◆ gold · ⬟ stone · ● berries · ✦ relic · ◌ wall gap
Your base· ✓ Closed at 26:31 · 12t walls · 2 gate(s)
[CAF] JeremyTheBlack's base· ✓ Closed at 15:15 · 22t walls · 3 gate(s)
Smoothed initial terrain · ◌ = detected wall gap · hover for details
Inputs per minute
— No soy Masche - - [CAF] JeremyTheBlack
Build order — No soy Masche
First 150 of 469 actions detected
| 0:01 | Research | Loom |
| 0:42 | Queue | Villager (Male) |
| 0:42 | Queue | Villager (Male) |
| 1:11 | Queue | Villager (Male) |
| 1:11 | Queue | Villager (Male) |
| 1:31 | Queue | Villager (Male) |
| 1:31 | Queue | Villager (Male) |
| 1:48 | Build | Lumber Camp |
| 1:52 | Queue | Villager (Male) |
| 1:53 | Queue | Villager (Male) |
| 2:19 | Queue | Villager (Male) |
| 2:19 | Queue | Villager (Male) |
| 2:19 | Queue | Villager (Male) |
| 2:47 | Queue | Villager (Male) |
| 2:47 | Queue | Villager (Male) |
| 3:12 | Queue | Villager (Male) |
| 3:15 | Queue | Villager (Male) |
| 3:22 | Build | House |
| 3:29 | Queue | Villager (Male) |
| 3:30 | Queue | Villager (Male) |
| 3:53 | Queue | Villager (Male) |
| 3:53 | Queue | Villager (Male) |
| 4:07 | Queue | Villager (Male) |
| 4:07 | Queue | Villager (Male) |
| 4:24 | Build | Mining Camp |
| 4:31 | Queue | Villager (Male) |
| 4:31 | Queue | Villager (Male) |
| 5:01 | Queue | Villager (Male) |
| 6:12 | Queue | Villager (Male) |
| 6:16 | Research | Feudal Age |
| 7:06 | Queue | Villager (Male) |
| 7:31 | Build | House |
| 7:50 | Queue | Villager (Male) |
| 8:26 | Age | Feudal Age |
| 8:33 | Build | Watch Tower |
| 8:41 | Queue | Villager (Male) |
| 8:42 | Research | Double-Bit Axe |
| 8:46 | Build | Mill |
| 8:49 | Build | House |
| 9:09 | Queue | Villager (Male) |
| 9:33 | Queue | Villager (Male) |
| 9:33 | Queue | Villager (Male) |
| 9:41 | Build | Blacksmith |
| 9:55 | Queue | Villager (Male) |
| 10:07 | Research | Town Watch |
| 10:15 | Build | House |
| 10:22 | Build | Watch Tower |
| 10:38 | Queue | Villager (Male) |
| 10:53 | Queue | Villager (Male) |
| 11:17 | Build | Watch Tower |
| 11:24 | Build | Palisade Wall |
| 11:24 | Build | Palisade Wall |
| 11:25 | Build | Palisade Wall |
| 11:26 | Build | Palisade Wall |
| 11:32 | Queue | Villager (Male) |
| 11:46 | Queue | Villager (Male) |
| 11:51 | Build | Farm |
| 11:53 | Build | Farm |
| 12:07 | Queue | Villager (Male) |
| 12:11 | Build | Farm |
| 12:23 | Build | Palisade Wall |
| 12:24 | Build | Palisade Wall |
| 12:25 | Build | Palisade Wall |
| 12:26 | Build | Palisade Wall |
| 12:35 | Queue | Villager (Male) |
| 12:38 | Build | Farm |
| 12:42 | Build | House |
| 12:49 | Queue | Villager (Male) |
| 13:13 | Queue | Villager (Male) |
| 13:15 | Build | Farm |
| 13:34 | Queue | Villager (Male) |
| 13:37 | Build | Farm |
| 13:48 | Queue | Villager (Male) |
| 14:04 | Queue | Villager (Male) |
| 14:22 | Queue | Villager (Male) |
| 14:25 | Build | Barracks |
| 14:32 | Build | House |
| 14:33 | Queue | Villager (Male) |
| 14:47 | Build | Watch Tower |
| 14:50 | Queue | Villager (Male) |
| 14:57 | Build | Palisade Wall |
| 14:58 | Build | Palisade Wall |
| 14:59 | Build | Palisade Wall |
| 14:59 | Build | Palisade Wall |
| 15:03 | Queue | Villager (Male) |
| 15:30 | Build | Watch Tower |
| 15:42 | Queue | Villager (Male) |
| 15:45 | Research | Fletching |
| 15:45 | Research | Fletching |
| 16:01 | Build | Stable |
| 16:18 | Build | House |
| 16:24 | Queue | Villager (Male) |
| 16:26 | Build | Farm |
| 16:27 | Queue | Villager (Male) |
| 16:29 | Build | Farm |
| 16:57 | Queue | Villager (Male) |
| 16:58 | Queue | Villager (Male) |
| 17:01 | Build | Farm |
| 17:08 | Queue | Villager (Male) |
| 17:13 | Build | House |
| 17:15 | Research | Scale Barding Armor |
| 17:15 | Research | Scale Barding Armor |
| 17:32 | Queue | Villager (Male) |
| 17:35 | Build | Farm |
| 17:38 | Build | Farm |
| 17:43 | Build | House |
| 17:58 | Build | Lumber Camp |
| 18:02 | Queue | Scout Cavalry |
| 18:05 | Research | Forging |
| 18:06 | Queue | Villager (Male) |
| 18:18 | Build | House |
| 18:19 | Queue | Villager (Male) |
| 18:22 | Build | Farm |
| 18:23 | Queue | Villager (Male) |
| 18:35 | Build | Outpost |
| 18:36 | Build | Outpost |
| 18:43 | Queue | Scout Cavalry |
| 18:47 | Build | House |
| 18:48 | Queue | Villager (Male) |
| 18:54 | Build | Mining Camp |
| 19:08 | Build | Farm |
| 19:12 | Queue | Scout Cavalry |
| 19:21 | Build | House |
| 19:22 | Build | House |
| 19:24 | Queue | Villager (Male) |
| 19:26 | Build | Farm |
| 19:34 | Queue | Scout Cavalry |
| 19:43 | Queue | Villager (Male) |
| 19:46 | Build | Farm |
| 19:50 | Build | Farm |
| 19:55 | Build | Farm |
| 19:58 | Queue | Villager (Male) |
| 20:01 | Build | House |
| 20:08 | Queue | Scout Cavalry |
| 20:10 | Queue | Villager (Male) |
| 20:28 | Queue | Villager (Male) |
| 20:30 | Build | Market |
| 20:58 | Queue | Villager (Male) |
| 21:09 | Research | Bloodlines |
| 21:12 | Queue | Villager (Male) |
| 21:18 | Build | Outpost |
| 21:19 | Build | Outpost |
| 21:25 | Build | House |
| 21:26 | Queue | Villager (Male) |
| 21:30 | Build | Mill |
| 21:31 | Build | Farm |
| 21:32 | Build | Farm |
| 21:32 | Build | Farm |
| 21:38 | Research | Horse Collar |
| 21:47 | Queue | Villager (Male) |
Build order — [CAF] JeremyTheBlack
First 150 of 476 actions detected
| 0:02 | Research | Loom |
| 0:03 | Build | House |
| 0:05 | Build | House |
| 0:15 | Queue | Villager (Male) |
| 0:15 | Queue | Villager (Male) |
| 0:15 | Queue | Villager (Male) |
| 1:25 | Queue | Villager (Male) |
| 1:25 | Queue | Villager (Male) |
| 1:58 | Queue | Villager (Male) |
| 1:59 | Queue | Villager (Male) |
| 1:59 | Queue | Villager (Male) |
| 2:13 | Build | Lumber Camp |
| 2:30 | Queue | Villager (Male) |
| 2:30 | Queue | Villager (Male) |
| 3:17 | Queue | Villager (Male) |
| 3:17 | Queue | Villager (Male) |
| 3:17 | Queue | Villager (Male) |
| 3:18 | Queue | Villager (Male) |
| 3:18 | Queue | Villager (Male) |
| 3:49 | Build | House |
| 4:14 | Queue | Villager (Male) |
| 4:14 | Queue | Villager (Male) |
| 4:14 | Queue | Villager (Male) |
| 4:15 | Queue | Villager (Male) |
| 4:41 | Queue | Villager (Male) |
| 4:41 | Queue | Villager (Male) |
| 5:31 | Build | House |
| 5:33 | Queue | Villager (Male) |
| 5:34 | Queue | Villager (Male) |
| 6:05 | Queue | Villager (Male) |
| 6:06 | Queue | Villager (Male) |
| 6:06 | Queue | Villager (Male) |
| 6:06 | Queue | Villager (Male) |
| 6:06 | Queue | Villager (Male) |
| 6:07 | Queue | Villager (Male) |
| 6:42 | Build | Mill |
| 8:25 | Build | Mining Camp |
| 8:27 | Research | Feudal Age |
| 8:28 | Research | Feudal Age |
| 9:43 | Build | Mining Camp |
| 9:51 | Build | House |
| 9:53 | Build | Palisade Wall |
| 10:00 | Build | Palisade Wall |
| 10:04 | Build | Palisade Wall |
| 10:11 | Queue | Villager (Male) |
| 10:11 | Queue | Villager (Male) |
| 10:39 | Build | Barracks |
| 10:41 | Build | House |
| 10:57 | Age | Feudal Age |
| 11:00 | Build | Stone Wall |
| 11:02 | Build | Stone Wall |
| 11:03 | Build | Stone Wall |
| 11:17 | Build | Market |
| 11:37 | Build | Blacksmith |
| 12:10 | Queue | Villager (Male) |
| 12:18 | Build | House |
| 12:20 | Build | House |
| 12:24 | Build | House |
| 12:32 | Research | Castle Age |
| 12:33 | Research | Castle Age |
| 13:15 | Build | Stone Wall |
| 14:03 | Research | Fletching |
| 14:03 | Research | Fletching |
| 14:32 | Build | Stone Wall |
| 15:04 | Queue | Villager (Male) |
| 15:04 | Queue | Villager (Male) |
| 15:15 | Age | Castle Age |
| 15:39 | Queue | Villager (Male) |
| 15:39 | Queue | Villager (Male) |
| 16:14 | Queue | Villager (Male) |
| 16:15 | Queue | Villager (Male) |
| 16:34 | Build | Castle |
| 16:52 | Queue | Villager (Male) |
| 16:53 | Queue | Villager (Male) |
| 16:53 | Queue | Villager (Male) |
| 17:18 | Build | Town Center |
| 17:32 | Queue | Villager (Male) |
| 18:08 | Queue | Plumed Archer |
| 18:08 | Queue | Plumed Archer |
| 18:14 | Queue | Villager (Male) |
| 18:14 | Queue | Villager (Male) |
| 18:15 | Queue | Villager (Male) |
| 18:21 | Build | Farm |
| 18:22 | Build | Farm |
| 18:25 | Build | Farm |
| 18:26 | Queue | Plumed Archer |
| 18:27 | Queue | Plumed Archer |
| 18:47 | Queue | Plumed Archer |
| 18:48 | Queue | Plumed Archer |
| 18:56 | Queue | Villager (Male) |
| 18:56 | Queue | Villager (Male) |
| 19:13 | Queue | Plumed Archer |
| 19:14 | Queue | Villager (Male) |
| 19:14 | Queue | Villager (Male) |
| 19:32 | Build | Farm |
| 19:33 | Build | Farm |
| 19:41 | Queue | Villager (Male) |
| 19:42 | Queue | Villager (Male) |
| 19:48 | Queue | Plumed Archer |
| 19:56 | Queue | Villager (Male) |
| 19:56 | Queue | Villager (Male) |
| 20:24 | Build | Monastery |
| 20:34 | Queue | Villager (Male) |
| 20:35 | Queue | Villager (Male) |
| 20:43 | Build | Farm |
| 21:12 | Queue | Villager (Male) |
| 21:12 | Queue | Villager (Male) |
| 21:13 | Queue | Villager (Male) |
| 21:29 | Queue | Villager (Male) |
| 21:30 | Queue | Villager (Male) |
| 21:33 | Build | Farm |
| 21:34 | Build | Farm |
| 21:36 | Research | Double-Bit Axe |
| 21:57 | Queue | Plumed Archer |
| 21:57 | Queue | Plumed Archer |
| 21:58 | Queue | Villager (Male) |
| 21:58 | Queue | Villager (Male) |
| 21:58 | Queue | Villager (Male) |
| 22:13 | Build | Castle |
| 22:25 | Queue | Villager (Male) |
| 22:25 | Queue | Villager (Male) |
| 22:25 | Queue | Villager (Male) |
| 23:12 | Queue | Villager (Male) |
| 23:12 | Queue | Villager (Male) |
| 23:13 | Queue | Villager (Male) |
| 23:13 | Queue | Villager (Male) |
| 23:32 | Queue | Villager (Male) |
| 23:33 | Queue | Villager (Male) |
| 23:35 | Build | Farm |
| 23:36 | Build | Farm |
| 23:38 | Build | Farm |
| 23:39 | Build | Farm |
| 23:41 | Build | Farm |
| 23:47 | Research | Horse Collar |
| 23:47 | Queue | Villager (Male) |
| 23:47 | Queue | Villager (Male) |
| 23:47 | Queue | Villager (Male) |
| 24:09 | Research | Bow Saw |
| 24:09 | Research | Bow Saw |
| 24:25 | Queue | Villager (Male) |
| 24:25 | Queue | Villager (Male) |
| 24:46 | Queue | Villager (Male) |
| 24:47 | Queue | Villager (Male) |
| 24:58 | Queue | Villager (Male) |
| 24:59 | Queue | Villager (Male) |
| 24:59 | Queue | Villager (Male) |
| 24:59 | Queue | Villager (Male) |
| 25:05 | Queue | Monk |
| 25:10 | Queue | Plumed Archer |
| 25:10 | Queue | Plumed Archer |
Match timeline
| 8:26 | No soy Masche · age_up feudal |
| 9:53 | [CAF] JeremyTheBlack · wall_segment Palisade Wall x3 |
| 10:00 | [CAF] JeremyTheBlack · wall_segment Palisade Wall x8 |
| 10:04 | [CAF] JeremyTheBlack · wall_segment Palisade Wall x1 |
| 10:39 | [CAF] JeremyTheBlack · first_building Barracks |
| 10:57 | [CAF] JeremyTheBlack · age_up feudal |
| 11:00 | [CAF] JeremyTheBlack · wall_segment Stone Wall x1 |
| 11:02 | [CAF] JeremyTheBlack · wall_segment Stone Wall x6 |
| 11:03 | [CAF] JeremyTheBlack · wall_segment Stone Wall x1 |
| 11:24 | No soy Masche · wall_segment Palisade Wall x1 |
| 11:24 | No soy Masche · wall_segment Palisade Wall x1 |
| 11:25 | No soy Masche · wall_segment Palisade Wall x1 |
| 11:26 | No soy Masche · wall_segment Palisade Wall x1 |
| 12:23 | No soy Masche · wall_segment Palisade Wall x1 |
| 12:24 | No soy Masche · wall_segment Palisade Wall x1 |
| 12:25 | No soy Masche · wall_segment Palisade Wall x1 |
| 12:26 | No soy Masche · wall_segment Palisade Wall x1 |
| 12:27 | [CAF] JeremyTheBlack · first_market_sell 100 wood |
| 13:15 | [CAF] JeremyTheBlack · wall_segment Stone Wall x1 |
| 14:25 | No soy Masche · first_building Barracks |
| 14:32 | [CAF] JeremyTheBlack · wall_segment Stone Wall x1 |
| 14:57 | No soy Masche · wall_segment Palisade Wall x1 |
| 14:58 | No soy Masche · wall_segment Palisade Wall x1 |
| 14:59 | No soy Masche · wall_segment Palisade Wall x1 |
| 14:59 | No soy Masche · wall_segment Palisade Wall x1 |
| 15:15 | [CAF] JeremyTheBlack · age_up castle |
| 16:01 | No soy Masche · first_building Stable |
| 16:34 | [CAF] JeremyTheBlack · first_building Castle |
| 16:51 | [CAF] JeremyTheBlack · first_market_buy 100 food |
| 20:24 | [CAF] JeremyTheBlack · first_building Monastery |
| 21:37 | No soy Masche · first_market_buy 100 wood |
| 23:18 | No soy Masche · first_market_sell 500 wood |
| 26:31 | No soy Masche · age_up castle |
| 26:36 | No soy Masche · first_building Castle |
| 28:55 | No soy Masche · first_building Monastery |
| 30:21 | [CAF] JeremyTheBlack · first_building Archery Range |
| 33:11 | [CAF] JeremyTheBlack · wall_segment Palisade Wall x4 |
| 33:11 | No soy Masche · first_building Archery Range |
| 33:13 | [CAF] JeremyTheBlack · wall_segment Palisade Wall x5 |
| 34:08 | [CAF] JeremyTheBlack · age_up imperial |
| 34:16 | No soy Masche · age_up imperial |
| 38:51 | [CAF] JeremyTheBlack · wall_segment Palisade Wall x1 |
| 44:28 | [CAF] JeremyTheBlack · first_building Siege Workshop |
| 49:07 | No soy Masche · resign |
[ AI ANALYSIS · 1 CREDIT ]
What really happened in this match?
Wolo.gg analyzes every decision: build order, eco, micro, common mistakes by bracket. Personalized analysis on WhatsApp or Discord in 30 seconds.
Civ guide
Chinese
Perfil
Jugador #2716438